 Dungeon Crawl Stone Soup version 0.23.2-1-ga50397a6bc (webtiles) character file.

Game seed: 7724276962435114254

846 Menchi the Nimble (level 8, 0/56 HPs)
             Began as a Merfolk Assassin on May 8, 2019.
             Slain by a sky beast (3 damage)
             ... on level 5 of the Dungeon.
             The game lasted 00:08:47 (5035 turns).

Menchi the Nimble (Merfolk Assassin)                Turns: 5035, Time: 00:08:48

Health: 0/56       AC:  8    Str: 18    XL:     8   Next: 0%
Magic:  8/8        EV: 18    Int: 10    God:
Gold:   436        SH:  0    Dex: 16    Spells: 7/7 levels left

rFire    . . .     SeeInvis .   n - +0 spear
rCold    . . .     Gourm    .   (no shield)
rNeg     . . .     Faith    .   b - +3 leather armour
rPois    .         Spirit   .   (no helmet)
rElec    .         Reflect  .   d - +0 cloak
rCorr    .         Harm     .   h - +0 pair of gloves
MR       .....                  (no boots)
Stlth    +++.......             (no amulet)
HPRegen  0.18/turn              (no ring)
MPRegen  0.11/turn              m - +3 ring of slaying

@: mighty
A: change form in water, swift swim, stealthy swim
a: no special abilities


You were on level 5 of the Dungeon.
You were not hungry.

You visited 1 branch of the dungeon, and saw 5 of its levels.

You collected 476 gold pieces.
You spent 40 gold pieces at shops.

Inventory:

Hand Weapons
 n - a +0 spear (weapon)
Missiles
 a - 25 poisoned needles
Armour
 b - a +3 leather armour (worn)
 c - a +0 robe
 d - a +0 cloak (worn)
 h - a +0 pair of gloves (worn)
Jewellery
 l - an uncursed ring of ice
 m - a +3 ring of slaying (right hand)
Scrolls
 i - 5 scrolls of identify
 j - 4 scrolls of magic mapping
 k - 3 scrolls of blinking
 o - a scroll of teleportation
 r - 2 scrolls of remove curse
Potions
 e - a potion of agility
 f - 3 potions of heal wounds {unknown}
 p - a potion of degeneration {unknown}
 q - a potion of brilliance {unknown}
 u - a potion of lignification {unknown}
Comestibles
 g - 7 rations


   Skills:
 - Level 2.1 Fighting
   Level 2.4 Short Blades
 * Level 8.1 Polearms
 - Level 2.0 Throwing
 * Level 8.6 Dodging
 - Level 4.3 Stealth


You had 7 spell levels left.
You didn't know any spells.
Your spell library was empty.

Dungeon Overview and Level Annotations

Branches:
Dungeon (5/15)
 Temple: D:4-7

Altars:

Shops:
D:4 !


Message History

You closely miss something. You closely miss something.
Something barely misses you.
You hit something. Something hits you. Something shocks you.
You puncture something! You hit something.
Something hits you but does no damage.
You feel very mighty all of a sudden. Something hits you but does no damage.
You miss something. Something hits you. Something shocks you.
You closely miss something. You miss something. Something hits you.
* * * LOW HITPOINT WARNING * * *
Something shocks you.
* * * LOW HITPOINT WARNING * * *
You closely miss something. Something hits you.
* * * LOW HITPOINT WARNING * * *
Something shocks you.
* * * LOW HITPOINT WARNING * * *
You closely miss something. You puncture something! Something hits you.
You die...

#.......<..# ..
#..........########.##
#.................#..
#..................#
...................#
....<.?............###
.....................#
......).{@......[....#
.....)...##..........##
.........##...........##
............##.........###
............##...........#
.....#......##............
.....#......##........)...
#....#......##............
#########............


There were no monsters in sight!

Vanquished Creatures
  2 ogres (D:4)
  3 scorpions (D:4)
  A vampire bat (D:3)
  3 orc priests
  3 hounds (D:4)
  3 orc wizards
  9 adders
  A howler monkey skeleton (D:4)
  An ooze (D:4)
  2 worms (D:2)
  2 dart slugs
  4 leopard geckos
  22 orcs
  2 ball pythons
  5 giant cockroaches
  3 goblins
  7 hobgoblins
  12 jackals
  A ball python skeleton (D:4)
  8 bats
  4 frilled lizards
  7 kobolds
  A leopard gecko zombie (D:5)
  13 rats
119 creatures vanquished.

Vanquished Creatures (others)
  6 toadstools (D:1)
6 creatures vanquished.

Grand Total: 125 creatures vanquished

Notes
Turn   | Place    | Note
-------+----------+-------------------------------------------
     0 | D:1      | Menchi the Merfolk Assassin began the quest for the Orb.
     0 | D:1      | Reached XP level 1. HP: 16/16 MP: 1/1
   181 | D:1      | Reached XP level 2. HP: 19/22 MP: 2/2
   681 | D:1      | Reached XP level 3. HP: 17/27 MP: 3/3
  1248 | D:2      | Reached skill level 1 in Polearms
  1464 | D:2      | Reached XP level 4. HP: 33/33 MP: 4/4
  2019 | D:3      | Reached skill level 5 in Dodging
  2019 | D:3      | Reached XP level 5. HP: 20/38 MP: 5/5
  2853 | D:3      | Reached XP level 6. HP: 26/44 MP: 6/6
  2863 | D:3      | Reached skill level 5 in Polearms
  3918 | D:4      | Reached XP level 7. HP: 12/50 MP: 7/7
  4307 | D:4      | Found Plog's Distillery.
  4402 | D:4      | Bought a potion of might for 40 gold pieces
  4829 | D:5      | Entered Level 5 of the Dungeon
  5000 | D:5      | Reached XP level 8. HP: 56/56 MP: 8/8
  5033 | D:5      | HP: 2/56 [something (6)]
  5035 | D:5      | Slain by a sky beast

Skill      XL: |  1  2  3  4  5  6  7 |
---------------+----------------------+-----
Dodging        | 2 3 4 5 6 7 8 |  8.6
Polearms       | 1 3 4 6 8 |  8.1
Fighting       | |  2.1
Short Blades   | |  2.4
Throwing       | |  2.0
Stealth        | |  4.3

Action                   |  1- 3 |  4- 6 |  7- 9 || total
-------------------------+-------+-------+-------++-------
Melee: Dagger            |    69 |       |       ||    69
       Tailslap          |     4 |       |       ||     4
       Spear             |    42 |   180 |   181 ||   403
  Use: Scroll            |       |     8 |     1 ||     9
       Potion            |       |     2 |     1 ||     3
 Stab: Sleeping          |     8 |    14 |     3 ||    25
       Distracted        |       |     2 |       ||     2
  Eat: Chunk             |     2 |     8 |     3 ||    13
Armor: Robe              |    14 |     6 |       ||    20
       Leather armour    |       |     2 |    38 ||    40
Dodge: Dodged            |    92 |    74 |   103 ||   269
